Map: Hardwire LE

Players

ShaDoWn

  • Race: Protoss Protoss
  • League: Master
  • Spawn Location: 7:00

CranKyMigs - Winner!

  • Race: Terran Terran
  • League: Master
  • Spawn Location: 1:00

VOD

Have the link to the VOD?

Description

Time

  • Played on: July 17, 2022, 12:36 p.m.
  • Length: 17:37
Show
View Real Time Build Order
Export as new Build Order

ShaDoWn Protoss 

Build Orders: 1 Gate Expand, Blink Stalkers, Zealot Archon 

Get SALT Encoding   

  12  0:23  Probe (Chrono Boost)  
  13  0:28  Pylon  
  13  0:35  Probe (Chrono Boost)  
  14  0:40  Probe (Chrono Boost)  
  15  0:46  Gateway  
  15  0:49  Probe  
  16  0:51  Assimilator  
  16  1:01  Probe  
  17  1:13  Probe  
  18  1:24  Nexus  
  18  1:25  Probe  
  19  1:33  Cybernetics Core  
  19  1:37  Probe  
  19  1:39  Assimilator  
  20  1:48  Pylon  
  20  1:50  Probe  
  21  2:01  Probe  
  21  2:06  Adept (Chrono Boost)  
  22  2:09  Warp Gate  
  22  2:10  Probe  
  25  2:18  Probe  
  26  2:27  Twilight Council  
  26  2:30  Adept  
  26  2:32  Probe (Chrono Boost)  
  26  2:36  Probe (Chrono Boost)  
  31  2:45  Probe (Chrono Boost)  
  31  2:46  Probe (Chrono Boost)  
  31  2:50  Probe (Chrono Boost)  
  32  2:53  Shield Battery  
  32  2:54  Probe  
  34  2:59  Adept (Chrono Boost)  
  34  3:02  Blink (Chrono Boost), Probe  
  35  3:07  Probe  
  36  3:14  Probe  
  36  3:19  Probe  
  38  3:22  Stalker (Chrono Boost)  
  38  3:26  Probe  
  41  3:31  Probe  
  42  3:38  Probe  
  43  3:41  Nexus  
  43  3:44  Pylon, Probe  
  44  3:50  Probe  
  42  3:57  Probe  
  42  3:59  Robotics Facility  
  43  4:03  Probe  
  44  4:10  Probe (Chrono Boost)  
  44  4:12  Stalker  
  44  4:15  Probe (Chrono Boost)  
  44  4:18  Gateway  
  44  4:22  Assimilator  
  45  4:26  Probe x2 (Chrono Boost)  
  45  4:27  Gateway  
  45  4:30  Probe (Chrono Boost)  
  46  4:33  Probe  
  46  4:35  Gateway  
  48  4:42  Probe  
  48  4:45  Probe  
  50  4:47  Stalker, Observer (Chrono Boost)  
  50  4:52  Pylon  
  53  4:54  Probe x2  
  53  4:56  Charge  
  53  4:57  Probe  
  56  5:04  Observer (Chrono Boost)  
  56  5:06  Probe x2  
  59  5:09  Probe  
  59  5:10  Stalker  
  59  5:11  Shield Battery  
  62  5:15  Stalker  
  62  5:18  Probe x2  
  62  5:20  Observer  
  67  5:21  Probe  
  67  5:22  Stalker  
  70  5:30  Probe x2  
  70  5:33  Forge  
  70  5:35  Pylon, Probe (Chrono Boost)  
  74  5:43  Probe (Chrono Boost)  
  74  5:44  Assimilator  
  74  5:45  Assimilator  
  74  5:46  Pylon  
  74  5:48  Probe (Chrono Boost)  
  76  5:51  Probe (Chrono Boost)  
  76  5:53  Probe (Chrono Boost)  
  60  5:58  Probe (Chrono Boost)  
  60  6:00  Probe (Chrono Boost)  
  60  6:02  Probe (Chrono Boost)  
  60  6:03  Protoss Ground Weapons Level 1 (Chrono Boost)  
  63  6:11  Probe (Chrono Boost)  
  65  6:12  Probe (Chrono Boost)  
  65  6:14  Templar Archives, Probe (Chrono Boost)  
  65  6:18  Probe x2 (Chrono Boost)  
  67  6:19  Probe (Chrono Boost)  
  67  6:24  Probe  
  67  6:26  Assimilator, Probe  
  67  6:28  Probe  
  70  6:37  Probe  
  70  6:38  Probe  
  72  6:40  Probe  
  72  6:41  Gateway  
  72  6:42  Gateway  
  72  6:46  Psionic Storm  
  71  6:49  Probe  
  71  6:50  Probe  
  71  6:52  Probe  
  73  6:57  High Templar x2  
  73  7:00  Photon Cannon  
  73  7:01  Probe  
  78  7:02  Probe  
  78  7:05  Probe  
  78  7:06  High Templar  
  82  7:13  Probe  
  82  7:14  Probe  
  82  7:15  High Templar  
  85  7:17  Probe  
  85  7:20  Gateway  
  85  7:22  Gateway  
  86  7:25  Probe  
  86  7:26  Pylon  
  86  7:27  Probe  
  89  7:33  Zealot x2  
  92  7:37  Pylon  
  92  7:41  Warp Prism (Chrono Boost)  
  92  7:42  Pylon  
  92  7:45  Pylon  
  94  7:51  High Templar x3  
  94  7:54  High Templar, Zealot x2  
  95  7:59  Archon  
  95  8:03  Nexus  
  94  8:15  Observer (Chrono Boost)  
  94  8:17  Shield Battery, Gateway  
  95  8:20  High Templar x2  
  95  8:22  Zealot x2  
  103  8:31  Zealot  
  103  8:32  Zealot x3  
  111  8:40  Archon  
  103  8:42  Archon  
  103  8:46  Zealot x2  
  103  8:47  Immortal  
  107  8:53  Photon Cannon  
  107  8:55  Zealot x6  
  111  8:59  Probe x2  
  111  9:00  Probe  
  112  9:04  Robotics Bay  
  108  9:18  Zealot x9  
  108  9:20  Probe (Chrono Boost)  
  108  9:23  Probe (Chrono Boost)  
  126  9:25  Probe (Chrono Boost)  
  126  9:31  Protoss Ground Weapons Level 2 (Chrono Boost), Probe (Chrono Boost)  
  129  9:32  Probe (Chrono Boost)  
  129  9:34  Probe (Chrono Boost)  
  129  9:35  Probe (Chrono Boost)  
  129  9:37  Probe (Chrono Boost)  
  132  9:39  Probe (Chrono Boost)  
  132  9:41  High Templar x3  
  132  9:44  Probe  
  140  9:50  Pylon  
  140  10:00  Colossus  
  140  10:08  Pylon, Probe x2  
  148  10:15  Extended Thermal Lance, Pylon  
  148  10:16  Pylon, Probe x2  
  148  10:24  Robotics Facility  
  148  10:25  Probe x2, Observer  
  148  10:27  Nexus  
  148  10:28  Probe  
  149  10:31  Probe  
  149  10:34  Stalker x3  
  149  10:35  Stalker x2  
  160  10:36  Stalker x2  
  164  10:53  Colossus (Chrono Boost)  
  156  11:01  Archon  
  156  11:02  Zealot x9  
  166  11:07  Probe  
  165  11:11  Assimilator, Probe x2  
  165  11:12  Assimilator  
  165  11:13  Probe  
  165  11:16  Photon Cannon  
  168  11:19  Probe  
  168  11:23  Probe x2  
  171  11:30  Stalker x6  
  171  11:31  Zealot x3  
  171  11:37  Archon  
  171  11:38  Observer (Chrono Boost)  
  167  11:40  Probe  
  143  11:47  Probe  
  143  11:48  Probe x2, Robotics Facility  
  152  11:54  Colossus (Chrono Boost)  
  152  11:55  High Templar x4, Zealot x4  
  152  11:58  Nexus  
  152  12:00  Protoss Ground Weapons Level 3 (Chrono Boost)  
  168  12:05  Probe  
  168  12:12  Probe  
  170  12:23  Zealot, Stalker x4  
  170  12:28  Disruptor (Chrono Boost)  
  170  12:29  Disruptor (Chrono Boost), Probe  
  181  12:30  Pylon, Probe  
  185  12:40  Zealot  
  185  12:42  Pylon x2  
  187  12:48  Probe  
  189  12:51  Probe  
  191  13:01  Pylon, Observer (Chrono Boost)  
  191  13:03  Observer (Chrono Boost)  
  189  13:06  Zealot x5  
  189  13:09  Dark Shrine  
  199  13:15  Pylon x2  
  199  13:17  Pylon  
  183  13:22  Probe  
  183  13:23  Colossus (Chrono Boost), Disruptor (Chrono Boost)  
  153  13:40  Colossus (Chrono Boost), Zealot x9  
  159  13:49  Probe x2  
  159  13:54  Pylon  
  159  13:55  Colossus (Chrono Boost)  
  161  14:01  Nexus  
  167  14:02  Stalker x3  
  167  14:03  Zealot, Stalker x5  
  191  14:19  Probe, Shield Battery  
  191  14:20  Probe  
  191  14:23  Stalker  
  177  14:27  Colossus (Chrono Boost)  
  177  14:31  Zealot x5, Stalker x3  
  180  14:33  Colossus (Chrono Boost)  
  180  14:36  Shadow Stride  
  182  14:42  Disruptor (Chrono Boost)  
  182  14:43  Protoss Shields Level 1 (Chrono Boost)  
  171  14:49  Zealot, Gateway x2  
  171  14:52  Zealot x5  
  165  14:55  Zealot x2  
  165  14:56  Zealot x4  
  165  14:57  Zealot x4  
  157  15:02  Pylon  
  155  15:07  Nexus  
  155  15:09  Probe  
  155  15:11  Stalker  
  158  15:20  Pylon  
  162  15:23  High Templar  
  162  15:24  Disruptor x2 (Chrono Boost), High Templar  
  162  15:25  High Templar  
  162  15:26  Disruptor (Chrono Boost)  
  162  15:28  Probe x4, Photon Cannon  
  174  15:29  Probe, Shield Battery  
  174  15:33  Dark Templar x3  
  182  15:37  Zealot x2  
  182  15:38  Zealot  
  184  15:48  Probe  
  180  15:53  Disruptor x2  
  180  15:54  Zealot x2  
  180  15:56  Probe  
  189  15:57  Disruptor  
  189  15:59  Probe  
  175  16:05  Zealot x9  
  175  16:10  Nexus  
  175  16:17  Probe  
  165  16:29  Zealot x5  
  165  16:30  Zealot x4  
  164  16:33  Probe  
  150  16:50  Stalker x7  
  150  16:51  Stalker x2  
  156  16:55  Probe  
  156  16:56  Probe  
  156  17:00  Probe  
  123  17:13  Zealot x6  
  123  17:14  Zealot  
  123  17:15  Probe  
  122  17:17  Probe  
  122  17:18  Zealot x2  
  122  17:20  Probe  
Show
View Real Time Build Order
Export as new Build Order

CranKyMigs Terran - Winner!

Build Orders:  

Get SALT Encoding   

  12  0:01  SCV  
  13  0:13  SCV  
  14  0:17  Supply Depot  
  14  0:25  SCV  
  15  0:38  SCV  
  15  0:39  Barracks  
  16  0:44  Refinery  
  16  0:50  SCV  
  16  0:56  Refinery  
  17  1:03  SCV  
  18  1:15  SCV  
  19  1:26  Reaper  
  19  1:28  Orbital Command  
  19  1:29  Supply Depot  
  20  1:43  Factory  
  20  1:55  SCV  
  20  1:59  Reaper  
  22  2:07  SCV  
  23  2:20  Command Center  
  23  2:27  Hellion  
  23  2:29  SCV  
  26  2:37  Barracks Reactor  
  26  2:39  Supply Depot  
  26  2:41  SCV  
  27  2:48  Widow Mine  
  29  2:58  SCV  
  29  3:01  Starport  
  30  3:10  Widow Mine, SCV  
  33  3:15  Marine x2  
  35  3:23  SCV  
  36  3:30  Bunker  
  36  3:31  Widow Mine  
  36  3:33  Marine x2  
  40  3:35  Orbital Command, SCV  
  39  3:45  Medivac  
  41  3:51  Marine x2  
  41  3:53  SCV  
  41  3:55  Factory Tech Lab  
  43  3:59  Barracks  
  43  4:01  SCV  
  44  4:05  SCV  
  44  4:09  Marine x2  
  47  4:16  Siege Tank, Starport Tech Lab  
  49  4:19  SCV  
  49  4:21  SCV  
  51  4:30  Supply Depot  
  51  4:31  Marine x2, SCV  
  54  4:41  Barracks  
  54  4:47  Supply Depot  
  54  4:48  Barracks Tech Lab  
  54  4:51  Raven  
  54  4:52  SCV  
  58  4:56  Refinery  
  58  4:58  Engineering Bay, Marine x2  
  59  5:00  Factory Reactor  
  59  5:01  Stimpack  
  59  5:02  Marauder  
  59  5:04  SCV  
  62  5:09  SCV  
  62  5:11  Supply Depot  
  63  5:15  Marine  
  63  5:16  SCV  
  63  5:18  Marine  
  66  5:21  SCV  
  66  5:24  Marauder  
  66  5:25  Terran Infantry Weapons Level 1  
  69  5:30  Supply Depot  
  69  5:33  Marine, SCV  
  70  5:36  Marine  
  70  5:38  Widow Mine x2  
  70  5:39  SCV  
  76  5:53  Marauder  
  76  5:54  Marine  
  76  5:55  SCV  
  78  5:58  Combat Shield  
  78  6:00  SCV  
  78  6:02  Marine  
  78  6:04  Supply Depot  
  82  6:05  Widow Mine x2, Refinery  
  82  6:07  Marine, SCV  
  82  6:08  Starport Reactor  
  82  6:12  Marine, SCV  
  82  6:17  Marine  
  85  6:19  SCV  
  85  6:20  Supply Depot  
  87  6:27  Supply Depot  
  87  6:28  Marauder  
  89  6:35  Marauder  
  90  6:41  Command Center  
  90  6:44  Supply Depot  
  90  6:50  Marauder, SCV  
  91  6:54  Supply Depot, SCV  
  91  6:56  Marauder  
  91  6:57  Medivac x2  
  91  6:58  Concussive Shells  
  98  7:06  Widow Mine x2, Supply Depot  
  98  7:08  Marine  
  103  7:10  SCV  
  104  7:19  Marauder  
  104  7:22  Terran Infantry Armor Level 1  
  106  7:23  Marine  
  106  7:25  Marine  
  106  7:28  Barracks x2  
  108  7:31  Marine  
  109  7:38  Medivac x2  
  109  7:40  Widow Mine, Marauder  
  117  7:44  SCV  
  117  7:45  Supply Depot  
  116  8:00  Marauder, Marine, SCV  
  116  8:01  Marine  
  116  8:02  Marauder  
  116  8:03  SCV  
  124  8:11  Supply Depot  
  124  8:12  SCV  
  125  8:15  Missile Turret, Widow Mine, SCV  
  125  8:17  Marine  
  125  8:19  Orbital Command, Marine  
  130  8:23  Marauder  
  131  8:27  Ghost Academy  
  131  8:28  Medivac  
  131  8:32  Marauder  
  137  8:34  Barracks Tech Lab  
  137  8:35  SCV  
  137  8:37  SCV  
  137  8:38  Marine  
  137  8:39  Marine  
  124  8:43  Viking  
  124  8:44  Barracks Tech Lab  
  121  8:52  SCV  
  112  8:55  SCV x2  
  112  8:56  Refinery  
  112  8:57  Widow Mine, Armory, Engineering Bay  
  112  9:01  Widow Mine, Marine  
  118  9:04  Viking, Enhanced Shockwaves, SCV  
  118  9:09  Ghost  
  117  9:13  Ghost  
  110  9:18  Widow Mine  
  110  9:19  SCV  
  110  9:21  Marine x2  
  110  9:23  SCV  
  118  9:33  SCV x2  
  118  9:35  SCV  
  118  9:37  Medivac  
  121  9:38  Marine  
  121  9:39  Marine x2  
  121  9:42  Refinery, Ghost  
  121  9:43  Widow Mine  
  121  9:44  Command Center, Supply Depot  
  124  9:47  Sensor Tower  
  124  9:50  Terran Infantry Weapons Level 2  
  124  9:52  Terran Infantry Armor Level 2  
  122  9:54  Widow Mine, Marine  
  122  9:58  Marauder, Marine x2  
  129  10:03  Marauder  
  129  10:05  Widow Mine  
  133  10:07  SCV  
  133  10:11  Marine  
  133  10:13  Marauder  
  137  10:15  Viking x2, Marine x2  
  137  10:19  Marauder  
  145  10:24  Marauder  
  145  10:27  SCV  
  148  10:28  Marine  
  148  10:33  Marine  
  148  10:34  Marine  
  148  10:35  Marauder  
  151  10:37  SCV  
  151  10:40  Marine  
  151  10:42  Supply Depot  
  153  10:45  Marauder  
  153  10:46  Marine  
  156  10:55  Ghost  
  149  10:58  Ghost  
  149  10:59  Marine x2  
  149  11:04  Ghost  
  143  11:05  SCV  
  143  11:09  SCV x2  
  148  11:14  Widow Mine, Marauder  
  152  11:19  Medivac x2  
  152  11:24  Ghost  
  158  11:26  Marine x2  
  158  11:27  Widow Mine, Marauder  
  158  11:29  SCV x3  
  167  11:33  Marauder  
  167  11:36  Widow Mine  
  159  11:41  SCV  
  159  11:44  Marine x2  
  156  11:47  Planetary Fortress  
  156  11:49  Barracks  
  156  11:50  Barracks, Hellion, SCV x2  
  156  11:54  Marauder x3  
  164  11:57  Marauder  
  166  12:01  Viking x2  
  166  12:05  Marine  
  166  12:06  Marine  
  170  12:15  Refinery, Marauder  
  172  12:16  Missile Turret, Refinery  
  176  12:23  Marine  
  176  12:28  SCV  
  176  12:29  SCV  
  179  12:31  Supply Depot, Viking x2  
  179  12:32  Sensor Tower, Terran Infantry Weapons Level 3  
  177  12:37  Terran Infantry Armor Level 3  
  177  12:41  Barracks Tech Lab x2  
  177  12:43  Widow Mine x2  
  181  12:47  Marauder  
  181  12:57  Marauder  
  181  12:58  Marauder  
  181  13:00  Marauder  
  181  13:01  Viking x2  
  181  13:04  Widow Mine  
  189  13:06  Marauder x2  
  188  13:22  Marauder  
  188  13:23  Marauder  
  188  13:26  Marauder, Marine  
  188  13:27  Marauder x2, Marine  
  184  13:28  Widow Mine, Marauder, SCV  
  180  13:44  Marauder x2, Marine x2  
  180  13:46  Widow Mine, Command Center  
  180  13:47  Marauder, Marine  
  180  13:48  Medivac x2, Marauder, Marine  
  193  13:49  Widow Mine  
  193  13:55  Missile Turret, Supply Depot  
  196  13:59  SCV  
  196  14:02  Marine x2  
  195  14:13  Fusion Core, Terran Ship Weapons Level 1, Starport  
  195  14:14  Supply Depot  
  195  14:16  Marauder  
  195  14:17  Marauder  
  195  14:18  Marauder  
  195  14:22  Medivac x2  
  199  14:25  Marauder  
  199  14:27  Marine  
  189  14:31  Marauder x2  
  189  14:37  Marauder  
  177  14:39  Marauder  
  177  14:40  Marauder, Marine  
  177  14:45  Marine  
  177  14:46  SCV  
  177  14:47  Marauder  
  177  14:52  Medivac, Marauder, Viking, Marine, SCV  
  178  14:58  Marauder, Marine  
  164  15:00  Marauder, Marine  
  164  15:03  Marine  
  170  15:08  Marauder  
  170  15:10  Marine  
  170  15:11  Advanced Ballistics  
  170  15:12  Starport Reactor  
  167  15:15  Marine  
  167  15:16  Marine  
  167  15:19  Marauder  
  167  15:20  Marauder  
  167  15:21  Missile Turret  
  167  15:22  Viking  
  167  15:23  Marauder, Marine  
  167  15:24  Planetary Fortress  
  167  15:28  Marauder  
  174  15:29  Refinery, Marine  
  174  15:33  Marine  
  176  15:35  Liberator  
  176  15:36  Marine  
  180  15:50  Liberator  
  180  15:52  Liberator, Marine  
  180  15:53  Marauder, Marine x3  
  180  15:54  Marauder x2  
  195  15:59  SCV x3  
  192  16:04  Marine  
  192  16:10  Marine  
  188  16:12  Marauder x3, Liberator  
  188  16:14  Marauder  
  188  16:15  Marine x2  
  188  16:17  Refinery, SCV  
  198  16:22  Marine  
  198  16:23  Medivac  
  197  16:28  Marine  
  184  16:33  Medivac, Marauder x2  
  184  16:35  Liberator  
  184  16:36  Marine  
  184  16:39  SCV  
  194  16:42  Marine  
  188  16:48  Command Center  
  188  16:53  Liberator  
  188  16:54  Marauder, Marine  
  186  16:57  Marauder  
  186  16:58  Marine  
  186  16:59  Marauder  
  186  17:00  Marine  
  176  17:04  Marine  
  182  17:14  Marine  
  173  17:16  Marauder, Marine  
Tags
 
Add a new tag
Caveats
  • Supply blocks, unpowered buildings, or Contaminate may cause inaccurate times.
  • Supply counts are checked every 10 seconds.